 Dungeon Crawl Stone Soup version 0.19-a0-994-g3c636f0 (webtiles) character file.

3836 4thArraOfDagon the Martial Artist (level 9, -10/115 HPs)
             Began as a Mottled Draconian Ice Elementalist on July 16, 2016.
             Was a Follower of Uskayaw.
             Mangled by a shadow (21 damage)
             ... on level 11 of the Dungeon.
             The game lasted 00:25:43 (4517 turns).

4thArraOfDagon the Martial Artist (DrIE)            Turns: 4517, Time: 00:25:44

Health: -10/115    AC: 24    Str: 13    XL:     9   Next: 98%
Magic:  14/14      EV:  2    Int: 23    God:    Uskayaw [*.....]
Gold:   104        SH:  0    Dex: 12    Spells: 2 memorised, 8 levels left

rFire  . . .     SeeInvis .       - Unarmed
rCold  . . .     Gourm    .     (armour unavailable)
rNeg   + + +     Faith    .     (no shield)
rPois  +         Spirit   .     (helmet currently unavailable)
rElec  .         Dismiss  .     (cloak currently unavailable)
rCorr  .         Reflect  .     (gloves currently unavailable)
SustAt .         Harm     .     (boots currently unavailable)
MR     .....     NoTele   +     (no amulet)
Stlth  ++........               m - +4 ring of intelligence
                                n - +3 ring of strength

@: tree-form, very slightly contaminated, hasted, very quick, not resistant to
hostile enchantments, unstealthy
A: (breathe sticky flame splash), unfitting armour, blurry vision 1,
(cold-blooded), AC +7
a: Stomp, Renounce Religion


You were on level 11 of the Dungeon.
You worshipped Uskayaw.
Uskayaw was noncommittal.
You were very hungry.
You were a tree.
You visited 2 branches of the dungeon, and saw 12 of its levels.

You collected 520 gold pieces.
You spent 416 gold pieces at shops.

Inventory:

Missiles
 t - 8 tomahawks of dispersal (quivered)
Armour
 f - a +0 cloak
 o - a +0 cloak (melded)
 y - the +1 pair of boots of Negligence {*Corrode MR+ Int+7}
   (You bought it in a shop on level 8 of the Dungeon)

   It affects your intelligence (+7).
   It affects your resistance to hostile enchantments.
   It may corrode you when you take damage.
Jewellery
 m - a +4 ring of intelligence (right branch)
 n - a +3 ring of strength (left branch)
 q - an uncursed ring of wizardry
Wands
 x - a wand of random effects (12/48)
 C - a wand of hasting (2/9)
 D - a wand of paralysis (11/24)
 E - a wand of disintegration (11/24)
Scrolls
 c - 2 scrolls of remove curse
 h - a scroll of fog {unknown}
 j - a scroll of teleportation
 k - a scroll of immolation {unknown}
 l - a scroll of blinking {unknown}
 p - a scroll of silence {unknown}
 r - a scroll of noise {unknown}
 s - 2 scrolls of magic mapping {unknown}
 u - a scroll of enchant armour {unknown}
 A - 3 scrolls of enchant weapon {unknown}
 B - a scroll of vulnerability {unknown}
Potions
 e - a potion of lignification
 g - a potion of degeneration
 i - a potion of cure mutation
 v - a potion of magic
 w - 2 potions of might {unknown}
 z - a potion of brilliance {unknown}
Books
 a - a book of Frost

   Spells                             Type                      Level
   a - Freeze                         Ice                          1
   b - Throw Frost                    Conjuration/Ice              2
   c - Ozocubu's Armour               Charms/Ice                   3
   d - Throw Icicle                   Conjuration/Ice              4
   e - Summon Ice Beast               Ice/Summoning                4
Miscellaneous
 F - a sack of spiders
Comestibles
 b - 7 bread rations


   Skills:
 + Level 6.3 Fighting
 + Level 5.6 Dodging
 - Level 1.7 Stealth
 * Level 9.3 Unarmed Combat
 - Level 2.0 Spellcasting
   Level 1.0 Conjurations
 - Level 4.2 Ice Magic
 + Level 6.7 Invocations
 + Level 0.4 Evocations


You had 8 spell levels left.
You knew the following spells:

 Your Spells              Type           Power        Failure   Level  Hunger
a - Freeze                Ice            ###.         2%          1    #......
b - Ozocubu's Armour      Chrm/Ice       ##......     17%         3    ###....


Dungeon Overview and Level Annotations

Branches:
Dungeon (11/15)            Temple (1/1) D:4
   Lair: D:8-11         Orc: D:9-12

Altars:
Cheibriados
Elyvilon
Fedhas
Kikubaaqudgha
Nemelex Xobeh
Okawaru
Pakellas
Qazlal
Ru
Uskayaw
Xom
Yredelemnul
Zin
The Shining One

Shops:
D:8 [   D:11 }

Annotations:
D:3 Grinder
D:5 4thArraOfDagon's ghost, weakling DrIE
D:6 4thArraOfDagon's ghost, amateur DrIE; Blork the orc
D:8 Erica
D:11 Snorg


Innate Abilities, Weirdness & Mutations

((You can spit globs of burning liquid.))
((You can ignite nearby creatures when you spit burning liquid.))
((Your weird mottled scales are hard. (AC +7)))
Your body does not fit into most forms of armour.
((You are cold-blooded and may be slowed by cold attacks.))
Scrolls take you a little longer to read.


Message History

Deactivating autopickup; reactivate with Ctrl-A.
The shadow strikes at you from the darkness!
* * * LOW HITPOINT WARNING * * *
Reactivating autopickup.
Unknown command.
You feel better.
You turn into a tree.
Your +0 cloak melds into your body.
Your roots penetrate the ground.
The shadow slips into darkness.
The shadow flickers and vanishes!
Deactivating autopickup; reactivate with Ctrl-A.
Unknown command.
Evoke which item? (* to show all) (? for menu, Esc to quit)
Zapping:
C - a wand of hasting (3/9)
Press: ? - help, Shift-Dir - straight line, f - you You feel yourself speed up.
You are very lightly contaminated with residual magic.
This wand has 2 charges left.
The shadow strikes at you from the darkness!
You die...

#.........# #......#
#.........#######......##
#.......>................
#.(......................
#.......###.....#####....
#.......# #.....# #....
#..#....# #.....# #....
#.......###.....# #....
#.......♣{......# #....
#...............#####....
#........................
#########################


There were no monsters in sight!

Vanquished Creatures
  Pikel (D:8)
  A troll (D:9)
  6 yaks (D:11)
  A hippogriff (D:9)
  A slave (D:8)
  2 ice beasts (D:8)
  A sky beast (D:10)
  An ogre (D:7)
  3 centaurs
  2 big kobolds
  2 giant frogs
  3 scorpions
  A howler monkey (D:4)
  7 crimson imps
  5 hounds
  2 jellies
  7 orc wizards
  2 centaur zombies
  2 giant frog skeletons
  2 orc priests
  Terence (D:2)
  An iguana (D:5)
  4 worker ants
  A killer bee zombie (D:7)
  A hound skeleton (D:5)
  A gnoll (D:8)
  6 adders
  2 shadow imps
  An adder skeleton (D:5)
  An adder zombie (D:9)
  2 worms (D:5)
  4 giant geckos
  19 orcs
  A ball python (D:2)
  3 bats
  2 giant cockroaches
  4 goblins
  A hobgoblin (D:2)
  11 jackals
  2 quokkas
  A giant cockroach zombie (D:6)
  A giant gecko skeleton (D:5)
  2 giant newts
  A jackal skeleton (D:4)
  8 kobolds
  A quokka skeleton (D:5)
  10 rats
144 creatures vanquished.

Vanquished Creatures (others)
  2 slaves (D:8)
2 creatures vanquished.

Grand Total: 146 creatures vanquished

Notes
Turn   | Place    | Note
-------+----------+-------------------------------------------
     0 | D:1      | 4thArraOfDagon the Draconian Ice Elementalist began the quest for the Orb.
     0 | D:1      | Reached XP level 1. HP: 14/14 MP: 3/3
    60 | D:2      | Noticed Terence
    96 | D:2      | Found a hide-covered altar of Uskayaw.
    99 | D:2      | Became a worshipper of Uskayaw the Reveler
   168 | D:3      | Reached skill level 1 in Unarmed Combat
   168 | D:3      | Reached * piety under Uskayaw
   207 | D:4      | Noticed an orc priest
   210 | D:5      | Entered Level 5 of the Dungeon
   238 | D:5      | Found a sacrificial altar of Ru.
   245 | D:5      | Noticed an orc wizard
   259 | D:5      | Reached XP level 2. HP: 20/20 MP: 1/5
   273 | D:5      | Noticed a crimson imp
   279 | D:5      | Noticed 4thArraOfDagon's ghost (weakling DrIE)
   314 | D:4      | Found a staircase to the Ecumenical Temple.
   314 | D:4      | Noticed a howler monkey
   324 | D:3      | Noticed Grinder
   327 | D:4      | Reached ** piety under Uskayaw
   328 | D:4      | Reached *** piety under Uskayaw
   329 | D:4      | Killed a howler monkey
   329 | D:4      | Reached skill level 2 in Unarmed Combat
   329 | D:4      | Reached XP level 3. HP: 13/26 MP: 0/6
   427 | D:3      | Reached XP level 4. HP: 23/33 MP: 4/7
   774 | D:2      | Killed Terence
   774 | D:2      | Reached skill level 3 in Unarmed Combat
   774 | D:2      | Reached skill level 1 in Invocations
   774 | D:2      | Reached XP level 5. HP: 26/39 MP: 2/8
   960 | D:3      | Learned a level 3 spell: Ozocubu's Armour
  1000 | Temple   | Entered the Ecumenical Temple
  1215 | D:4      | Reached skill level 1 in Fighting
  1433 | D:4      | Reached XP level 6. HP: 24/47 MP: 4/9
  1579 | D:5      | Found a shimmering altar of Xom.
  1593 | D:5      | Reached skill level 4 in Unarmed Combat
  1892 | D:6      | Noticed an orc warrior
  1901 | D:6      | Noticed an orc warrior
  2149 | D:5      | Your scales start taking on a weird mottled colour.
  2149 | D:5      | Reached XP level 7. HP: 29/56 MP: 6/10
  2234 | D:5      | Found a glowing golden altar of the Shining One.
  2262 | D:5      | Reached skill level 5 in Unarmed Combat
  2426 | D:5      | Found a sparkling altar of Nemelex Xobeh.
  2650 | D:6      | Gained mutation: You tend to lose your temper in combat. [potion of mutation]
  2650 | D:6      | Gained mutation: Scrolls take you a little longer to read. [potion of mutation]
  2650 | D:6      | Lost mutation: You tend to lose your temper in combat. [potion of mutation]
  2663 | D:6      | Noticed 4thArraOfDagon's ghost (amateur DrIE)
  2699 | D:6      | Noticed Blork the orc
  2791 | D:7      | Reached XP level 8. HP: 29/66 MP: 7/11
  2796 | D:7      | Reached skill level 6 in Unarmed Combat
  2986 | D:7      | Found an ancient bone altar of Kikubaaqudgha.
  3051 | D:8      | Noticed Pikel
  3065 | D:8      | Killed Pikel
  3065 | D:8      | Reached skill level 7 in Unarmed Combat
  3147 | D:8      | Noticed Erica
  3209 | D:8      | Reached skill level 5 in Fighting
  3209 | D:8      | Reached skill level 5 in Invocations
  3239 | D:8      | Found Vacsaux's Antique Armour Shop.
  3250 | D:8      | Reached XP level 9. HP: 39/74 MP: 8/12
  3250 | D:8      | Reached **** piety under Uskayaw
  3255 | D:8      | Bought a pair of shimmering boots for 247 gold pieces
  3260 | D:8      | Identified the +1 pair of boots of Negligence {*Corrode MR+ Int+7} (You bought it in a shop on level 8 of the Dungeon)
  3329 | D:9      | Found a stormy altar of Qazlal.
  3380 | D:9      | Noticed a troll
  3399 | D:9      | HP: 3/74 [troll (5)]
  3400 | D:9      | Killed a troll
  3400 | D:9      | Reached skill level 5 in Dodging
  3400 | D:9      | Reached skill level 8 in Unarmed Combat
  3467 | D:9      | Found an oddly glowing altar of Pakellas.
  3467 | D:9      | Noticed an elf
  3508 | D:10     | Entered Level 10 of the Dungeon
  3720 | D:10     | Noticed a troll
  3962 | D:11     | Noticed Snorg
  4245 | D:11     | Found Xapaerie's Gadget Shoppe.
  4280 | D:11     | Reached skill level 9 in Unarmed Combat
  4433 | D:11     | Bought a wand of paralysis (11/24) for 169 gold pieces
  4513 | D:11     | HP: 2/77 [something (29)]
  4517 | D:11     | Mangled by a shadow

Vault maps used:
D:1:      matt_arrival_refuge, minmay_crystal_room, minmay_misc_feat_plants,
          grunt_decor_cap, minmay_tree_intersection, minmay_misc_feat_rows,
          feat_on_display
D:2:      eat_drink_and_be_merry_uskayaw, minmay_rat_gold_closets, uniq_terence
D:3:      feat_on_display, uniq_grinder
D:4:      marbit_many_paths
D:5:      overflow_temple_1_default, old_standard_altar, nemelex_altar_shiori,
          basic_altar, first_bread
D:6:      uniq_blork_the_orc, uniq_crazy_yiuf_cottage
D:7:      lemuel_blue_sif_altar, kennysheep_mini
D:8:      vehumet_statue, minitemple, basic_altar, serial_shops, shop,
          uniq_erica, uniq_pikel
D:9:      grunt_qazlal_sundering, gammafunk_pakellas_its_alive
D:10:     erik_lair_island, orc_0_dummy
D:11:     serial_shops, shop_coins, minivault_1, grunt_pizzeria, uniq_maurice,
          uniq_snorg
Temple:   eino_temple_lava

Skill      XL: |  1  2  3  4  5  6  7  8  9 |
---------------+----------------------------+-----
Unarmed Combat | 1 2 3 4 5 7 9 |  9.3
Ice Magic      | 4 |  4.2
Invocations    | 1 2 3 5 6 |  6.7
Dodging        | 2 3 4 5 |  5.6
Fighting       | 1 2 3 5 6 |  6.3
Stealth        | |  1.7
Spellcasting   | |  2.0
Conjurations   | |  1.0
Evocations     | |  0.4

Action                   |  1- 3 |  4- 6 |  7- 9 || total
-------------------------+-------+-------+-------++-------
Melee: Unarmed           |     5 |   100 |   128 ||   233
       Tailslap          |       |     6 |    17 ||    23
       Punch             |       |       |     5 ||     5
 Cast: Freeze            |    20 |    80 |    97 ||   197
Invok: Stomp             |       |       |     6 ||     6
 Abil: Breathe Sticky Fl |       |       |    37 ||    37
Evoke: Wand              |       |       |     4 ||     4
  Use: Potion            |       |     1 |     7 ||     8
       Scroll            |       |     5 |     7 ||    12
 Stab: Paralysed         |     1 |       |     9 ||    10
       Sleeping          |       |     4 |     4 ||     8
  Eat: Chunk             |       |     3 |    11 ||    14
       Beef jerky        |       |     2 |       ||     2
       Meat ration       |       |       |     1 ||     1
Armor: Skin              |    13 |    45 |    74 ||   132
Dodge: Dodged            |    13 |   100 |   138 ||   251
